 Dungeon Crawl Stone Soup version 0.30-b1-2-g02819fbbbe (webtiles) character file.

Game seed: 17576042787575554404

32438 MajorAdolf the Prestidigitator (level 13, 0/105 HPs)
             Began as a Naga Wanderer on Nov 10, 2023.
             Was an Initiate of Gozag.
             Slain by a deep troll (6 damage)
             ... on level 1 of the Orcish Mines.
             The game lasted 00:49:59 (25027 turns).

MajorAdolf the Prestidigitator (Naga Wanderer)     Turns: 25027, Time: 00:50:00

Health: 0/105      AC: 11    Str: 17    XL:     13   Next: 64%
Magic:  22/22      EV:  8    Int: 14    God:    Gozag
Gold:   1280       SH: 18    Dex: 17    Spells: 12/12 levels left

rFire   . . .        y - +3 dagger (elec)
rCold   + + .        Q - +0 kite shield
rNeg    . . .        n - +2 robe {rC+ rF+}
rPois   +            d - +1 helmet "Engoru" {Dex+3}
rElec   .            A - +0 cloak
rCorr   .            R - +0 pair of gloves
SInv    +            (no barding)
Will    +....        f - amulet of Kagatrea {Reflect +Inv MP+9 SH+5}
Stlth   +++++        H - +4 ring of slaying
HPRegen 0.37/turn    e - ring of ice
MPRegen 0.18/turn

%: reflection
@: invisible, very slow
A: AC +4, large, see invisible, deformed body, poison resistance, slowness 2,
spit poison 1, naga tail 2, strong 1
a: Spit Poison, Renounce Religion, Evoke Invisibility, Potion Petition, Call
Merchant, Bribe Branch


You were on level 1 of the Orcish Mines.
You worshipped Gozag.
Gozag was most pleased with you.
You visited 4 branches of the dungeon, and saw 16 of its levels.
You also visited: Ice Cave.

You collected 3772 gold pieces.
You spent 872 gold pieces at shops.
You paid 1620 gold pieces to Gozag.

Inventory:

Hand Weapons
 w - a +2 dagger of venom
 y - a +3 dagger of electrocution (weapon)
Missiles
 g - 3 throwing nets
Armour
 d - the +1 helmet "Engoru" (worn) {Dex+3}
   (You took it off Robin on level 1 of the Dungeon)

   Dex:       It affects your dexterity (+3).
 k - a scarf of resistance
 n - a +2 robe of resistance (worn)
 A - a +0 cloak (worn)
 Q - a +0 kite shield (worn)
 R - a +0 pair of gloves (worn)
Magical Staves
 p - a staff of conjuration
 X - a staff of cold
Jewellery
 c - a +6 ring of strength
 e - a ring of ice (right hand)
 f - the amulet of Kagatrea (around neck) {Reflect +Inv MP+9 SH+5}
   (You acquired it on level 6 of the Dungeon)

   [amulet of reflection]

   It reflects blocked missile attacks.
   MP:        It affects your magic capacity (+9).
   +Inv:      It lets you turn invisible.
   SH:        It affects your SH (+5).
 i - a ring of resist corrosion
 j - a ring of protection from cold
 H - a +4 ring of slaying (left hand)
 N - a +6 ring of intelligence
 U - a ring of magical power
 Z - a ring of protection from fire
Wands
 o - a wand of paralysis (7)
 C - a wand of iceblast (12)
 K - a wand of flame (21)
 M - a wand of digging (8)
Scrolls
 h - 2 scrolls of identify
 u - 3 scrolls of vulnerability
 O - 2 scrolls of magic mapping
Potions
 a - 4 potions of flight
 b - a potion of cancellation
 l - 2 potions of ambrosia
 m - 3 potions of brilliance
 s - a potion of mutation
 t - 4 potions of curing
 z - 2 potions of haste {unknown}
 G - a potion of invisibility
 L - a potion of lignification {unknown}
 P - 3 potions of might {unknown}
 S - 2 potions of attraction {unknown}


   Skills:
 - Level 4.0 Fighting
 - Level 9.9(10.0) Short Blades
 - Level 1.0(6.2) Long Blades
 - Level 1.0 Throwing
 - Level 1.0 Armour
 - Level 11.0 Stealth
 + Level 13.1 Shields
 + Level 13.7 Evocations


You had 12 spell levels left.
You didn't know any spells.
Your spell library contained the following spells:

 Spells                   Type           Power      Damage    Failure   Level
 Apportation              Tloc           0%         N/A       45%         1
 Freeze                   Ice            0%         1d3       45%         1
 Slow                     Hex            0%         N/A       45%         1
 Blink                    Tloc           0%         N/A       61%         2
 Ensorcelled Hibernation  Hex/Ice        0%         N/A       61%         2
 Lesser Beckoning         Tloc           0%         N/A       61%         2
 Momentum Strike          Conj/Tloc      0%         3d8       61%         2
 Confusing Touch          Hex            0%         N/A       83%         3
 Frozen Ramparts          Ice            0%         1d1       83%         3
 Hailstorm                Conj/Ice       0%         3d3       83%         3
 Spider Form              Tmut/Pois      0%         N/A       83%         3
 Vampiric Draining        Necr           0%         2d6       83%         3
 Anguish                  Hex/Necr       0%         N/A       99%         4
 Ice Form                 Ice/Tmut       0%         N/A       99%         4
 Alistair's Intoxication  Tmut/Pois      0%         N/A       100%        5
 Ozocubu's Refrigeration  Ice            0%         4d7       100%        7
 Polar Vortex             Ice            0%         N/A       100%        9
 Simulacrum               Ice/Necr       Unusable   N/A       N/A         6

Dungeon Overview and Level Annotations

Branches:
Dungeon (9/15)             Temple (1/1) D:6            Lair (4/5) D:9
  Swamp (0/4) Lair:3        Snake (0/4) Lair:3          Orc (2/2) D:9
    Elf (0/3) Orc:2         IceCv (visited)
  Slime: Lair:4-5

Altars:
Cheibriados
Gozag
Kikubaaqudgha
Okawaru
Trog
Uskayaw
Wu Jian
Zin
The Shining One

Shops:
D:7 (*=*   Orc:2 (*:   Lair:1 *   Lair:2 *

Annotations:
D:5 4 runed translucent doors
D:6 3 runed translucent doors, LLlMATKO's ghost, novice MiBe
Lair:3 3 runed translucent doors, Brarox's ghost, journeyman MfSu
Orc:1 2 transporters, Brarox's ghost, journeyman DECj


Innate Abilities, Weirdness & Mutations

Your serpentine skin is tough. (AC +4)
You have supernaturally acute eyesight. (SInv)
Armour fits poorly on your strangely shaped body.
Your system is resistant to poisons. (rPois)
You cover ground very slowly.
You can spit poison.
You can use your snake-like lower body to constrict enemies.
Your muscles are strong. (Str +4, Int/Dex -1)


Message History

There is a stone staircase leading down, spattered with blood here.
You climb downwards.
The two-headed ogre shouts in stereo!
You hear two shouts!
You hear a shout! x2
You block the two-headed ogre's attack. The two-headed ogre barely misses you.
You block the deep troll's attack.
The deep troll claws you but does no damage.
The deep troll claws you!
The ogre hits you with a +0 giant spiked club!
The deep troll bites you. You block the deep troll's attack.
The deep troll claws you but does no damage.
The ogre hits you with a +0 giant club!!
There is a stone staircase leading up, spattered with blood here.
You block the two-headed ogre's attack. x2; The ogre barely misses you.
The deep troll bites you!! The deep troll claws you!
* * * LOW HITPOINT WARNING * * *
The deep troll completely misses you.
You climb upwards.
Level annotation: 2 transporters, Brarox's ghost, journeyman DECj
There is a stone staircase leading down, spattered with blood here.
Okay, then.
You fade into invisibility!
The ogre hits you but does no damage. You block the deep troll's attack. x2
The deep troll claws you.
* * * LOW HITPOINT WARNING * * *
You block the ogre's attack.
Unknown command.
The deep troll attacks as you move away!
The deep troll misses you. You block the deep troll's attack.
The deep troll closely misses you. You block the two-headed ogre's attack.
The two-headed ogre hits you with a +0 dire flail.
* * * LOW HITPOINT WARNING * * *
The deep troll attacks as you move away!
The deep troll closely misses you. The deep troll claws you!
* * * LOW HITPOINT WARNING * * *
You block the deep troll's attack. The deep troll closely misses you.
The deep troll barely misses you. You block the deep troll's attack.
The deep troll attacks as you move away!
You block the deep troll's attack. The deep troll claws you.
You die...
Your body crumbles into a pile of gold.

####....####.#.#..#...
##.#......##...........
#####.........#............
#####...##.......))#.....#.....
###..#..............#...#...#....
##.............#...........#.....
.....#.###.#..)...>..............
##.######.......OT...............
#### ##......@OO..............
##.##...................
#...###.#...............
##.##.)#...............#
##.#[........#..........
#.).#........##........#
####.)###[................#
##......#[)......##.......##
#........[)...#..#....#..##


You could see a two-headed ogre (unable to see you), a deep troll and 2 ogres.

Vanquished Creatures
  A reaper (IceCv)
  Harold (Lair:2)
  Fannar (Lair:2)
  2 hydras
  A catoblepas (Lair:4)
  3 two-headed ogres
  An orc high priest (Orc:1)
  Pikel (D:7)
  An orc knight (Orc:1)
  2 orc sorcerers (Orc:1)
  A deep elf pyromancer (D:7)
  A will-o-the-wisp (Lair:3)
  A cyclops (Orc:2)
  2 ice statues (IceCv)
  5 black mambas
  7 cane toads
  2 komodo dragons
  4 rime drakes
  An efreet (D:9)
  An anaconda simulacrum (IceCv)
  7 ice devils (IceCv)
  5 trolls
  A hornet (D:9)
  Grinder (D:3)
  A polar bear (Lair:2)
  4 blink frogs (Lair:3)
  A wraith (D:9)
  Sigmund (D:3)
  A shadow (D:5)
  A wyvern (D:7)
  2 basilisks
  14 yaks
  2 steam dragons (D:8)
  4 death yak simulacra (IceCv)
  A harpy simulacrum (IceCv)
  An acid dragon (D:9)
  Duvessa (D:6)
  12 water moccasins
  A sky beast (D:6)
  16 orc warriors
  15 ogres
  4 black bears
  3 wolves (Lair:1)
  2 lemures (D:7)
  A centaur (D:9)
  2 phantoms
  2 kobold brigands (D:9)
  11 bullfrogs
  7 gnoll sergeants
  4 scorpions
  3 wights (D:8)
  Dowan (D:6)
  5 killer bees
  2 howler monkeys (D:8)
  A jelly (D:4)
  Crazy Yiuf (D:3)
  15 orc priests
  7 hounds
  A sleepcap (D:5)
  5 iguanas
  25 orc wizards
  5 troll simulacra (IceCv)
  2 spriggan simulacra (IceCv)
  3 polar bear simulacra (IceCv)
  A wolf simulacrum (IceCv)
  Robin (D:1)
  16 gnolls
  17 adders
  3 naga simulacra (IceCv)
  A river rat (Lair:1)
  A shadow imp (D:5)
  A white imp (IceCv)
  4 ufetubi
  4 worms
  3 dart slugs
  75 orcs
  A bat (D:3)
  5 endoplasms
  A giant cockroach (D:2)
  10 goblins
  10 hobgoblins
  15 jackals
  7 kobolds
  4 quokkas
  7 ball pythons
  2 frilled lizards
  3 rats (D:3)
435 creatures vanquished.

Vanquished Creatures (others)
  8 foxfires (Lair:3)
  48 fungi
  90 plants
146 creatures vanquished.

Grand Total: 581 creatures vanquished

Notes
Turn   | Place    | Note
-------+----------+-------------------------------------------
     0 | D:1      | MajorAdolf the Naga Wanderer began the quest for the Orb.
     0 | D:1      | MajorAdolf set off with the following items: a +3 dagger, a
                  | scroll of fear, a +0 falchion, a potion of invisibility, a
                  | +0 leather armour.
     0 | D:1      | Reached XP level 1. HP: 22/22 MP: 1/1
    38 | D:1      | Reached skill level 1 in Short Blades
    38 | D:1      | Reached XP level 2. HP: 30/30 MP: 2/2
    53 | D:1      | Reached skill level 5 in Stealth
   665 | D:1      | Reached XP level 3. HP: 29/36 MP: 3/3
  1069 | D:2      | Found a faded altar of an unknown god.
  1106 | D:2      | Identified the +1 helmet "Engoru" {Dex+3}
  1106 | D:2      | Noticed Robin
  1861 | D:1      | HP: 1/36 [hobgoblin[Robin] (3)]
  2785 | D:1      | Killed Robin
  2786 | D:1      | Reached XP level 4. HP: 23/44 MP: 4/4
  2947 | D:3      | Found a hide-covered altar of Uskayaw.
  2984 | D:3      | Noticed Sigmund
  2996 | D:3      | Killed Sigmund
  2997 | D:3      | Reached XP level 5. HP: 45/50 MP: 5/5
  3160 | D:3      | Reached XP level 6. HP: 54/57 MP: 6/6
  3452 | D:3      | Noticed Grinder
  3472 | D:3      | Paralysed by Grinder for 3 turns
  3485 | D:3      | Paralysed by Grinder for 4 turns
  3501 | D:3      | Killed Grinder
  3502 | D:3      | Reached XP level 7. HP: 11/64 MP: 7/7
  3856 | D:3      | Found a runed translucent door.
  3857 | D:3      | Noticed Crazy Yiuf
  4219 | D:3      | Killed Crazy Yiuf
  4271 | D:4      | Found a glowing golden altar of the Shining One.
  4606 | D:4      | Reached skill level 1 in Evocations
  5628 | D:5      | Entered Level 5 of the Dungeon
  5881 | D:5      | Reached XP level 8. HP: 46/62 MP: 8/8
  6217 | D:4      | Reached skill level 5 in Short Blades
  6754 | D:5      | Found a large runed translucent door.
  6756 | D:5      | Found a large runed translucent door.
  6767 | D:5      | Noticed a two-headed ogre
  6768 | D:5      | Found a large runed translucent door.
  6768 | D:5      | Noticed a yak
  6772 | D:5      | Found a large runed translucent door.
  6813 | D:5      | Reached skill level 10 in Stealth
  6889 | D:5      | Noticed a two-headed ogre
  7179 | D:5      | Killed a two-headed ogre
  7180 | D:5      | Reached skill level 5 in Shields
  7180 | D:5      | Reached XP level 9. HP: 78/78 MP: 9/9
  7882 | D:6      | Identified a scroll of acquirement
  7882 | D:6      | Acquired the amulet of Kagatrea {Reflect +Inv MP+9 SH+5}
  7892 | D:6      | Gained mutation: You have an increased reservoir of magic.
                  | (+10% MP) [potion of mutation]
  7892 | D:6      | Gained mutation: Your muscles are strong. (Str +4, Int/Dex
                  | -1) [potion of mutation]
  7892 | D:6      | Lost mutation: You have an increased reservoir of magic.
                  | (+10% MP) [potion of mutation]
  8065 | D:6      | Reached skill level 5 in Evocations
  8114 | D:6      | Found a runed translucent gate.
  8115 | D:6      | Found a runed translucent gate.
  8130 | D:6      | Found a runed translucent gate.
  8131 | D:6      | Noticed LLlMATKO's ghost (novice MiBe)
  8742 | D:6      | Found a staircase to the Ecumenical Temple.
  8744 | D:6      | Noticed Dowan
  8746 | D:6      | Noticed Duvessa
  8750 | Temple   | Entered the Ecumenical Temple
  8756 | Temple   | Became a worshipper of Gozag Ym Sagoz the Greedy
  8769 | D:6      | Killed Dowan
  8790 | D:6      | Killed Duvessa
  9220 | D:7      | Reached XP level 10. HP: 85/85 MP: 10/10
  9592 | D:7      | Found Foqor's Jewellery Shoppe.
  9593 | D:7      | Found Hocen's Weapon Shoppe.
  9593 | D:7      | Found Vomeugg's General Store.
  9593 | D:7      | Found Ulesussu's Assorted Antiques.
  9602 | D:7      | Bought a scroll of identify for 28 gold pieces
  9605 | D:7      | Noticed Pikel
  9728 | D:7      | Bought a wand of paralysis (1) for 79 gold pieces
  9728 | D:7      | Bought a worn gold wand for 132 gold pieces
  9728 | D:7      | Bought a fuming sapphire potion for 29 gold pieces
  9774 | D:7      | Killed Pikel
 10262 | D:7      | Noticed a two-headed ogre
 10266 | D:7      | Killed a two-headed ogre
 10285 | D:7      | Noticed a deep elf pyromancer
 10289 | D:7      | Killed a deep elf pyromancer
 10380 | D:7      | Found an ornate altar of the Wu Jian Council.
 10380 | D:7      | Found an iron altar of Okawaru.
 10778 | D:8      | Reached XP level 11. HP: 74/92 MP: 11/11
 11558 | D:7      | Bought a +0 pair of gloves for 63 gold pieces
 11567 | D:7      | Bought a scroll of identify for 66 gold pieces
 11567 | D:7      | Bought a wand of iceblast (6) for 475 gold pieces
 12630 | D:9      | Found a staircase to the Orcish Mines.
 13095 | D:9      | Found a staircase to the Lair.
 13429 | Lair:1   | Entered Level 1 of the Lair of Beasts
 14638 | Lair:1   | Reached skill level 10 in Evocations
 15013 | Lair:1   | Reached XP level 12. HP: 99/99 MP: 12/12
 15128 | Lair:1   | Identified the +2 hand axe of Peuxa {flame, Will+++}
 15736 | Lair:1   | Reached skill level 10 in Shields
 15925 | Lair:2   | Noticed Fannar
 16407 | Lair:2   | Killed Fannar
 16593 | Lair:2   | Noticed a six-headed hydra
 16612 | Lair:2   | Killed a six-headed hydra
 16943 | Lair:2   | Noticed Harold
 17002 | Lair:2   | Killed Harold
 17669 | Lair:3   | Found a staircase to the Swamp.
 18630 | Lair:3   | Found a staircase to the Snake Pit.
 18819 | Lair:3   | Found a runed translucent gate.
 18819 | Lair:3   | Found a runed translucent gate.
 18820 | Lair:3   | Found a runed translucent gate.
 18822 | Lair:3   | Noticed Brarox's ghost (journeyman MfSu)
 19404 | Lair:4   | Noticed a catoblepas
 19422 | Lair:4   | Killed a catoblepas
 19737 | Lair:4   | Noticed a death yak
 19738 | Lair:4   | Noticed a death yak
 19740 | Lair:4   | Noticed a death yak
 19865 | Lair:4   | Noticed a five-headed hydra
 19879 | Lair:4   | Killed a five-headed hydra
 20159 | Orc:1    | Entered Level 1 of the Orcish Mines
 20159 | Orc:1    | Noticed an orc high priest
 20165 | Orc:1    | Killed an orc high priest
 20166 | Orc:1    | Gained mutation: You can use your snake-like lower body to
                  | constrict enemies. [Naga growth]
 20166 | Orc:1    | Reached XP level 13. HP: 45/105 MP: 13/13
 20215 | Orc:1    | Found a frozen archway.
 20233 | IceCv    | Entered an ice cave
 22226 | IceCv    | Noticed a reaper
 22247 | IceCv    | Killed a reaper
 23024 | Orc:1    | Noticed a stone giant
 23060 | Orc:1    | Noticed Brarox's ghost (journeyman DECj)
 23271 | Orc:1    | Found a transporter.
 23275 | Orc:1    | Found a transporter.
 23276 | Orc:1    | Found a bloodstained altar of Trog.
 23394 | Orc:2    | Entered Level 2 of the Orcish Mines
 24048 | Orc:2    | Found Kysy's Antique Weapon Emporium.
 24048 | Orc:2    | Found a staircase to the Elven Halls.
 24049 | Orc:2    | Found Wymig's Assorted Antiques.
 25027 | Orc:1    | Slain by a deep troll

Illustrated notes

Levels and vault maps discovered:
D:1:      lemuel_arrival_tunnels, layout_basic, minmay_fountain_box
D:2:      layout_loops_corners, nicolae_ecumenical_pavilion, uniq_robin
D:3:      layout_loops_corners, nicolae_uskayaw_dance_hall, uniq_sigmund,
          uniq_crazy_yiuf_cottage, uniq_grinder
D:4:      layout_loops_ring, tso_altar
D:5:      layout_rooms, minmay_hollow_rounded_squares
D:6:      layout_basic, minmay_temple_entry_statues_pillars,
          gammafunk_ghost_necromancy, uniq_duvessa
D:7:      layout_loops_ring, gammafunk_temple_overflow_wave,
          corexii_leaking_fountain, minmay_shop_grid_forest, minmay_three_doors,
          uniq_pikel
D:8:      layout_loops_ring
D:9:      layout_irregular_city, lair_entry_dummy,
          kennysheep_orc_monster_closet_entryway
Temple:   regret_index_temple_chain_breaker
Lair:1:   minmay_lair_venomous_thicket, layout_regular_city, pond,
          serial_bayou_shore_b
Lair:2:   layout_cave_pods, serial_bayou_shore_b, lemuel_fruit_tree,
          grunt_megastairs_4, lemuel_fruit_fields, uniq_harold, uniq_fannar
Lair:3:   layout_regular_city, minmay_swamp_entry_wisps,
          minmay_snake_entry_six_corridors, ebering_ghost_rock_garden,
          serial_bayou_shore_a
Lair:4:   layout_regular_city, minmay_slime_entry_oklob_open, kennysheep_rathole
Orc:1:    layout_caves, portal_ice_cave_rime, gammafunk_ghost_wrathful_warriors
Orc:2:    st_orc_open, layout_caves, serial_shops, shop

Skill      XL: |  1  2  3  4  5  6  7  8  9 10 11 12 13 |
---------------+----------------------------------------+-----
Short Blades   | 1 2 3 4 6 7 9 |  9.9
Stealth        | 5 6 7 8 9 11 | 11.0
Shields        | 2 3 5 6 8 9 12 13 | 13.1
Evocations     | 2 4 6 7 10 12 13 | 13.7
Fighting       | |  4.0
Long Blades    | |  1.0
Throwing       | |  1.0
Armour         | |  1.0

Action                     |  1- 3 |  4- 6 |  7- 9 | 10-12 | 13-15 || total
---------------------------+-------+-------+-------+-------+-------++-------
  Melee: Dagger            |    84 |    81 |   357 |   927 |   375 ||  1824
         Punch             |     1 |       |       |       |       ||     1
         Constrict         |       |       |       |       |    72 ||    72
 Invoke: Call Merchant     |       |       |       |     1 |     1 ||     2
Ability: Spit Poison       |    16 |     3 |    25 |    15 |     4 ||    63
         Evoke Invisibilit |       |       |     1 |       |       ||     1
  Evoke: Wand              |       |     2 |     5 |     9 |     9 ||    25
    Use: Potion            |     1 |     1 |     1 |     2 |     4 ||     9
         Scroll            |       |     1 |    15 |    10 |     5 ||    31
   Stab: Sleeping          |     5 |     6 |    15 |    12 |     4 ||    42
         Invisible         |     1 |       |       |       |       ||     1
         Paralysed         |       |     1 |     1 |       |       ||     2
         Distracted        |       |       |       |    15 |     1 ||    16
         Held in net/web   |       |       |       |     2 |       ||     2
 Armour: Leather armour    |    23 |     8 |    26 |   107 |       ||   164
         Robe              |       |    10 |    74 |    33 |    65 ||   182
  Dodge: Dodged            |    26 |    24 |    96 |   118 |    57 ||   321
  Block: Buckler           |     9 |    14 |    97 |    54 |       ||   174
         Kite shield       |       |       |       |   506 |   251 ||   757
         Reflection        |       |       |       |     5 |     8 ||    13
